cohdb
Replays
Latest Replays
All Replays
Popular Replays
Top Player Replays
Match Explorer
How It Works
Community
CoH3 Stats
Reddit
Sign in to upload your games and track your stats! →
Sign in with Steam
Naval Artillery + Typhoon Loiter
Match 21459056
Overview
Messages
Build Orders
End
Vickers Machine Gun Team
Construct Section Command Post
Infantry Section
Selects Air and Sea Battlegroup
ML 3-inch Mortar Team
Infantry Section
Construct Field Infirmary
Selects Supply Surplus
Construct Platoon Command Post
Infantry Training
Infantry Section
Selects Centaur Medium Tank
Centaur Medium Tank
Infantry Section
Centaur Medium Tank
Selects Commando Section Paradrop
6-pounder Anti-tank Gun Team
Commando Section Paradrop
Selects Naval Bombardment
Naval Bombardment
Commando Section Paradrop
Selects M1 Pack Howitzer Paradrop
Selects Anti-tank Rocket Loiter
Anti-tank Rocket Loiter
ßoo
NIGHTINGALE
崔小海
Chovy93
Schmez
keel
0
0
Comments
sign in to comment!
No comments posted yet!